 Dungeon Crawl Stone Soup version 0.30-a0-585-g93115170b9 (webtiles) character file.

Game seed: 4437344923697989172

1547 avis the Grappler (level 8, -2/78 HPs)
             Began as an Ogre Transmuter on Jan 2, 2023.
             Was an Initiate of Cheibriados.
             Killed from afar by an electric eel (10 damage)
             ... with a bolt of electricity
             ... on level 5 of the Dungeon.
             The game lasted 00:46:06 (7447 turns).

avis the Grappler (Ogre Transmuter)                 Turns: 7447, Time: 00:46:07

Health: -2/78      AC:  2    Str: 18    XL:     8   Next: 87%
Magic:  11/12      EV: 22    Int: 15    God:    Cheibriados [......]
Gold:   138        SH:  0    Dex: 21    Spells: 5/13 levels left

rFire   . . .      SeeInvis .      - Unarmed
rCold   . . .      Faith    .    (shield currently unavailable)
rNeg    . . .      Spirit   .    (body armour currently unavailable)
rPois   x          Reflect  .    (helmet currently unavailable)
rElec   .          Harm     .    (cloak currently unavailable)
rCorr   .          Rampage  .    (gloves unavailable)
Will    .....                    (boots unavailable)
Stlth   +                        (no amulet)
HPRegen 0.33/turn                b - +6 ring of dexterity
MPRegen 0.13/turn                (no ring)

@: spider-form, very slow
A: venomous fangs, tiny, unfitting armour, (tough skin 1)
a: End Transformation, Renounce Religion


You were on level 5 of the Dungeon.
You worshipped Cheibriados.
Cheibriados was noncommittal.
You were a venomous arachnid creature.
You visited 2 branches of the dungeon, and saw 6 of its levels.

You collected 352 gold pieces.
You spent 214 gold pieces at shops.

Inventory:

Hand Weapons
 h - a +2 heavy spear
Missiles
 g - 68 stones
 m - 6 boomerangs
 p - 4 poisoned darts
 u - 2 javelins
 H - 5 throwing nets
Armour
 a - a +0 robe (melded)
Jewellery
 b - a +6 ring of dexterity (left front leg)
Scrolls
 c - a scroll of butterflies {unknown}
 d - a scroll of amnesia {unknown}
 e - 2 scrolls of fog
 f - a scroll of noise {unknown}
 i - a scroll of torment {unknown}
 j - a scroll of vulnerability {unknown}
 k - 2 scrolls of enchant weapon {unknown}
 o - 2 scrolls of teleportation
 s - a scroll of brand weapon {unknown}
 w - a scroll of blinking {unknown}
 z - 2 scrolls of magic mapping {unknown}
Potions
 l - a potion of might
 n - 2 potions of magic
 r - a potion of ambrosia
 B - 3 potions of curing
 C - a potion of berserk rage


   Skills:
 - Level 4.0 Fighting
 - Level 4.0 Dodging
 * Level 8.0 Unarmed Combat
 - Level 3.0 Spellcasting
 - Level 4.0 Transmutations
 - Level 2.0 Poison Magic


You had 5 spell levels left.
You knew the following spells:

 Your Spells              Type           Power      Damage    Failure   Level
a - Beastly Appendage     Tmut           28%        N/A       12%         1
p - Spider Form           Tmut/Pois      11%        N/A       36%         3
q - Ice Form              Ice/Tmut       8%         N/A       83%         4

Your spell library contained the following spells:

 Spells                   Type           Power      Damage    Failure   Level
 Wereblood                Tmut           14%        N/A       17%         2
 Passwall                 Tmut/Erth      6%         N/A       30%         2
 Kiss of Death            Conj/Necr      8%         2d6       41%         1
 Sandblast                Erth           4%         2d4       41%         1
 Confusing Touch          Hex            2%         N/A       73%         3
 Frozen Ramparts          Ice            4%         1d1       73%         3
 Stone Arrow              Conj/Erth      4%         3d7       73%         3
 Dispel Undead            Necr           2%         3d7       97%         4
 Summon Ice Beast         Ice/Summ       2%         N/A       97%         4


Dungeon Overview and Level Annotations

Branches:
Dungeon (5/15)             Temple (1/1) D:5

Altars:
Ashenzari
Cheibriados
Dithmenos
Elyvilon
Fedhas
Gozag
Hepliaklqana
Makhleb
Nemelex Xobeh
Qazlal
Ru
Sif Muna
Trog
Uskayaw
Vehumet
Wu Jian
Xom
Yredelemnul
Zin
The Shining One

Shops:
D:1 [   D:4 *   D:5 =


Innate Abilities, Weirdness & Mutations

You are a venomous arachnid creature.
You have poisonous fangs.
You are tiny and dextrous.
Your spellcasting is less reliable in this form.
Your armour is entirely melded.
You are incapable of wielding weapons or throwing items.
You are too large for most types of armour.
((You have tough skin. (AC +1)))


Message History

The electric eel shoots out a bolt of lightning at you!
The bolt of electricity hits you!
* * * LOW HITPOINT WARNING * * *
The electric eel shoots out a bolt of lightning at you!
The bolt of electricity hits you.
* * * LOW HITPOINT WARNING * * *
The electric eel shoots out a bolt of lightning at you!
The bolt of electricity hits you!
* * * LOW HITPOINT WARNING * * *
You bite the electric eel!
The electric eel looks as sick as possible!
The electric eel is almost dead.
You hit the electric eel.
You kill the electric eel!
Cheibriados thoroughly appreciates the change of pace.
You hear a splash.
Training target 4.0 for Dodging reached!
Your Dodging skill increases to level 4!
You need to enable at least one skill for training.
You feel much better.
The electric eel shoots out a bolt of lightning at you!
The bolt of electricity hits you!
* * * LOW HITPOINT WARNING * * *
You enter the shallow water.
Moving in this stuff is going to be slow.
The electric eel shoots out a bolt of lightning at you!
The bolt of electricity hits you.
* * * LOW HITPOINT WARNING * * *
You see here an electric eel corpse.
Your unstable footing causes you to fumble your attack.
The electric eel shoots out a bolt of lightning at you!
The bolt of electricity hits you!
* * * LOW HITPOINT WARNING * * *
Your unstable footing causes you to fumble your attack.
Unknown command.
Your unstable footing causes you to fumble your attack.
You barely miss the electric eel.
The electric eel shoots out a bolt of lightning at you!
The bolt of electricity hits you!
You die...

# #.##.##...# ##.#.## #.
####.##.##...####### ##.#####.
.........#.###...~~## ### #...
.......#####~..####.## #.##
####..##..~~~##'..##.# #.# #
#.##..#####.....#.#########.#
#.####+ #.....#.#.........# #
#.# #~~.~~#~#######...## # #.#
#.....#(~sP.#~# #.#... ####.#
#PP..~#.(S$.#~# #...##
'.##.###[...~#≈≈~≈≈#~# ##.##
#......#(.(~.##≈≈≈##)########.#
####...#≈≈$≈S######.##........#
#......##≈SS##~..÷.############
.#####..#####~###### .#
#..'..~~## ## .# ##.###### #.


You could see an electric eel.

Vanquished Creatures
  Grinder (D:4)
  A shadow (D:5)
  Eustachio (D:4)
  An ogre (D:5)
  2 black bears
  A bullfrog (D:5)
  A gnoll sergeant (D:5)
  A scorpion (D:4)
  A howler monkey (D:5)
  2 electric eels (D:5)
  A hound (D:4)
  A jelly (D:5)
  Jessica (D:3)
  An orc wizard (D:5)
  Natasha (thrice) (D:3)
  Robin (D:3)
  9 adders
  12 gnolls (D:5)
  A white imp (D:5)
  A worm (D:5)
  3 dart slugs
  11 orcs
  8 ball pythons
  4 bats
  7 endoplasms
  4 giant cockroaches
  10 goblins
  3 hobgoblins
  4 jackals
  4 quokkas
  4 frilled lizards
  5 kobolds
  5 rats
115 creatures vanquished.

Vanquished Creatures (others)
  6 plants (D:5)
6 creatures vanquished.

Grand Total: 121 creatures vanquished

Notes
Turn   | Place    | Note
-------+----------+-------------------------------------------
     0 | D:1      | avis the Ogre Transmuter began the quest for the Orb.
     0 | D:1      | Reached XP level 1. HP: 19/19 MP: 3/3
    11 | D:1      | You fall into a shaft and drop 1 floor!
    26 | D:2      | Reached XP level 2. HP: 27/29 MP: 3/5
   184 | D:1      | Reached skill level 3 in Unarmed Combat
   562 | D:1      | Found Eleat's Antique Armour Shoppe.
   595 | D:1      | Reached XP level 3. HP: 27/37 MP: 6/6
   716 | D:1      | Reached skill level 1 in Poison Magic
   720 | D:1      | Learned a level 3 spell: Spider Form
  2131 | D:2      | Reached XP level 4. HP: 31/45 MP: 7/7
  2809 | D:3      | Noticed Robin
  2836 | D:3      | Killed Robin
  3112 | D:3      | Noticed Natasha
  3117 | D:3      | Killed Natasha
  3118 | D:3      | Reached XP level 5. HP: 50/53 MP: 1/8
  3200 | D:3      | Reached skill level 4 in Unarmed Combat
  3204 | D:3      | Found a hazy altar of Hepliaklqana.
  3274 | D:3      | Found a faded altar of an unknown god.
  3416 | D:3      | Noticed Jessica
  3426 | D:3      | Killed Jessica
  3907 | D:3      | Noticed Natasha
  3913 | D:3      | Killed Natasha
  4118 | D:3      | Noticed Natasha
  4125 | D:3      | Killed Natasha
  4126 | D:3      | Reached XP level 6. HP: 52/61 MP: 5/9
  4231 | D:4      | Noticed Eustachio
  4244 | D:4      | Killed Eustachio
  4245 | D:4      | Reached skill level 5 in Unarmed Combat
  4585 | D:4      | Found Qefoes's General Store.
  4598 | D:4      | Bought a potion of heal wounds for 65 gold pieces
  4598 | D:4      | Bought a scroll of fog for 52 gold pieces
  4598 | D:4      | Bought a scroll of enchant armour for 97 gold pieces
  4603 | D:4      | Learned a level 4 spell: Ice Form
  4691 | D:4      | Noticed a black bear
  4699 | D:4      | Killed a black bear
  4700 | D:4      | Reached XP level 7. HP: 55/67 MP: 7/10
  4964 | D:4      | Noticed Grinder
  4974 | D:4      | Paralysed by Grinder for 4 turns
  4981 | D:4      | Killed Grinder
  4982 | D:4      | Reached skill level 6 in Unarmed Combat
  5589 | D:5      | Entered Level 5 of the Dungeon
  5836 | D:5      | Reached XP level 8. HP: 75/75 MP: 10/12
  6002 | D:5      | Found a staircase to the Ecumenical Temple.
  6014 | Temple   | Entered the Ecumenical Temple
  6252 | Temple   | Became a worshipper of Cheibriados the Contemplative
  6321 | D:5      | Found Colepuz's Jewellery Shop.
  6327 | D:5      | Reached skill level 7 in Unarmed Combat
  7113 | D:5      | Noticed a shadow
  7132 | D:5      | Killed a shadow
  7133 | D:5      | Reached skill level 8 in Unarmed Combat
  7200 | D:5      | HP: 1/78 [electric eel/bolt of electricity (15)]
  7447 | D:5      | Killed from afar by an electric eel

Illustrated notes

Levels and vault maps discovered:
D:1:      spicycebolla_arrival_risky_transporter, layout_basic, serial_shops,
          nicolae_lakefront_shop, minmay_misc_feat_x
D:2:      minmay_chambers_of_twos, layout_basic
D:3:      layout_loops_ring, mainiacjoe_overflow_small_starburst,
          ebering_ecumenical_altar_box, serial_park_tiny_pond, uniq_robin,
          uniq_natasha, uniq_jessica
D:4:      layout_loops_ring, serial_shops, shop, hangedman_decor_growths,
          uniq_eustachio, uniq_grinder
D:5:      cheibrodos_two_vegetables, layout_loops_ring,
          minmay_temple_entry_gardened_gates, serial_shops,
          kennysheep_little_box
Temple:   nicolae_temple_bog_church

Skill      XL: |  1  2  3  4  5  6  7  8 |
---------------+-------------------------+-----
Fighting       | 2 3 4 |  4.0
Unarmed Combat | 3 4 5 6 8 |  8.0
Transmutations | 2 3 4 |  4.0
Poison Magic   | 2 |  2.0
Dodging        | 2 3 4 |  4.0
Spellcasting   | 3 |  3.0

Action                   |  1- 3 |  4- 6 |  7- 9 || total
-------------------------+-------+-------+-------++-------
Melee: Unarmed           |   107 |   108 |   137 ||   352
       Kick              |    24 |     9 |     1 ||    34
       Headbutt          |     4 |     8 |     1 ||    13
       Punch             |     1 |     1 |     1 ||     3
 Cast: Beastly Appendage |    27 |    12 |     2 ||    41
       Spider Form       |       |    17 |    24 ||    41
  Use: Potion            |       |     1 |     1 ||     2
       Scroll            |       |       |     7 ||     7
 Stab: Sleeping          |       |       |     1 ||     1
Armor: Robe              |    31 |    10 |       ||    41
       Skin              |       |    12 |     2 ||    14
Dodge: Dodged            |    45 |    69 |   103 ||   217

Table legend: (Time is in decaauts)
 A = Elapsed time spent in this place.
 B = Non-inter-level travel time spent in this place.
 C = Inter-level travel time spent in this place.
 D = Time resting spent in this place.
 E = Time spent auto-exploring this place.
 F = Levels seen in this place.
 G = Mean time per level.
                   A        B        C        D        E       F      G
               +--------+--------+--------+--------+--------+-----+--------+
         Total |   7595 |   6722 |    873 |   1816 |   3300 |   6 | 1265.8 |
       Dungeon |   7301 |   6460 |    841 |   1816 |   3132 |   5 | 1460.2 |
        Temple |    293 |    261 |     32 |      0 |    168 |   1 |  293.0 |
               +--------+--------+--------+--------+--------+-----+--------+

Top non-repeatable levels by time:
     D:5: 1646 daAuts
     D:4: 1519 daAuts
     D:3: 1421 daAuts
     D:1: 1365 daAuts
     D:2: 1348 daAuts
  Temple: 293 daAuts
